 Dungeon Crawl Stone Soup version 0.32-a0-485-g70f7560b1c (webtiles) character file.

Game seed: 3606914763122610804

282 Asceticacid the Changeling (level 6, -4/43 HPs)
             Began as a Vine Stalker Shapeshifter on Feb 26, 2024.
             Slain by an ogre
             ... wielding a +0 giant club
              (16 damage)
             ... on level 5 of the Dungeon.
             The game lasted 00:03:25 (1762 turns).

Asceticacid the Changeling (VSSh)                   Turns: 1762, Time: 00:03:26

Health: -4/43      AC: 23    Str: 16    XL:     6   Next: 28%
Magic:  0/7        EV:  2    Int: 10    God:
Gold:   85         SH:  0    Dex: 16    Spells: 5/5 levels left

rFire   . .          .
                       - Unarmed
rCold   . . .        (no shield)
rNeg    . . .        f - melded +0 ring mail
rPois   +            (helmet currently unavailable)
rElec   .            (cloak currently unavailable)
rCorr   .            (gloves currently unavailable)
SInv    .            (boots currently unavailable)
Will    .....        (no amulet)
Stlth   +            (no ring)
HPRegen 1.07/turn    (no ring)
MPRegen 0.10/turn

%: guardian spirit
@: tree-form
A: stationary, stasis, torment immunity, boosted hp, (fangs 2), regeneration 1,
magic shield, (antimagic bite), no potion heal 2
a: no special abilities


You were on level 5 of the Dungeon.
You were a tree.
You visited 1 branch of the dungeon, and saw 4 of its levels.
You also visited: Sewer.

You collected 85 gold pieces.

Inventory:

Missiles
 m - 3 poisoned darts (quivered)
Armour
 f - a +0 ring mail (melded)
Jewellery
 k - a ring of wizardry
Talismans
 c - a beast talisman (active)
 d - a flux talisman
Scrolls
 h - 2 scrolls of teleportation
 j - 4 scrolls of enchant weapon
 l - a scroll of identify {unknown}
 n - a scroll of amnesia
 o - a scroll of acquirement {unknown}
 q - a scroll of enchant armour {unknown}
Potions
 a - 2 potions of ambrosia {unknown}
 e - a potion of invisibility {unknown}
 g - a potion of curing {unknown}
 i - 2 potions of resistance {unknown}
 p - a potion of mutation {unknown}
 s - a potion of heal wounds {unknown}
 t - a potion of degeneration {unknown}
 u - a potion of haste {unknown}


   Skills:
 - Level 0.8 Fighting
 - Level 1.5 Dodging
 - Level 4.0 Unarmed Combat
 + Level 5.9 Shapeshifting


You had 5 spell levels left.
You didn't know any spells.
Your spell library contained the following spells:

 Spells                   Type           Power      Damage    Failure   Level
 Freeze                   Ice            0%         1d3       36%         1
 Sting                    Conj/Alch      0%         1d3       36%         1
 Mercury Vapours          Alch/Air       0%         N/A       50%         2
 Frozen Ramparts          Ice            0%         1d1       75%         3
 Hailstorm                Conj/Ice       0%         3d5       75%         3
 Tukima's Dance           Hex            0%         N/A       75%         3
 Olgreb's Toxic Radiance  Alch           0%         N/A       98%         4
 Passage of Golubria      Tloc           0%         N/A       98%         4
 Yara's Violent Unravell  Hex/Alch       0%         3d3       100%        5


Dungeon Overview and Level Annotations

Branches:
Dungeon (5/15)              Sewer (visited)
 Temple: D:4-7

Altars:
Hepliaklqana

Annotations:
D:2 Natasha


Innate Abilities, Weirdness & Mutations

You are a tree.
Your roots penetrate the ground, keeping you stationary.
You cannot be teleported.
You are immune to unholy pain and torment.
Your maximum health is greatly increased.
Your equipment is partially melded.
((You have extremely sharp teeth.))
Your natural rate of healing is unusually fast.
When hurt, damage is shared between your health and your magic reserves.
((Your bite disrupts and absorbs the magic of your enemies.))
Potions cannot restore your health.


Message History

You turn into a tree.
Your +0 ring mail melds into your body.
Your roots penetrate the ground.
An ogre comes into view. It is wielding a +0 giant club.
The iguana completely misses you.
The ogre shouts!
You hit the iguana but do no damage.
A dart slug comes into view.
The iguana bites you but does no damage.
You smack the iguana!
The iguana is severely wounded.
The iguana bites you but does no damage.
The dart slug launches a dart at you.
The slug dart hits you but does no damage.
You smack the iguana!
You kill the iguana!
You hit the ogre.
The ogre is lightly wounded.
The ogre hits you but does no damage. The dart slug launches a dart at you.
The slug dart hits you but does no damage.
You hit the ogre.
The ogre is lightly wounded.
The dart slug launches a dart at you.
The slug dart hits you but does no damage.
The ogre hits you but does no damage.
You closely miss the ogre.
The ogre is lightly wounded.
You barely miss the ogre.
The ogre is lightly wounded.
The ogre hits you with a +0 giant club!
* * * LOW HITPOINT WARNING * * *
You smack the ogre!
The ogre is heavily wounded.
You smack the ogre!
The ogre is almost dead.
The ogre hits you but does no damage.
You barely miss the ogre. Your punch misses the ogre.
The ogre is almost dead.
The ogre hits you with a +0 giant club!
You die...

,,,,,,,,.#.#.****,*
,,,,,,,,......,,,,*
,,,,,,,,......*****
,,,,,,,,......#*
,,..,,,,.....w.##
,...,,,,,,,,,#†.#
)...,,,,,,,,,##.##
..#,,,,,,,,,,*#.†#
..#*,,*,,,,***##♣#
.#**,**,,,,* #O#####
#***,**,,,,* #.....## *
*,,,,,,,,***##.###..##
***,,**,,,,*,..........#####
,,,,,,,,***,..###.####..####
,,,,,,,,,*#...#~###~~##'.###
***<,,,,,*#.*.#.'~~~~~~#.###
,,,,,,,,,,.,,.#~'~~~~†÷#.###


You could see an ogre and a dart slug.

Vanquished Creatures
  Pargi (Sewer)
  An orc priest (D:3)
  A hound (D:5)
  2 iguanas
  An orc wizard (D:3)
  A dart slug (D:2)
  An orc (D:3)
  5 ball pythons
  4 endoplasms
  2 giant cockroaches
  5 hobgoblins
  5 jackals (Sewer)
  2 quokkas (D:5)
  7 bats
  4 goblins
  7 kobolds
  6 rats
55 creatures vanquished.

Notes
Turn   | Place    | Note
-------+----------+-------------------------------------------
     0 | D:1      | Asceticacid the Vine Stalker Shapeshifter began the quest
                  | for the Orb.
     0 | D:1      | Reached XP level 1. HP: 9/9 MP: 2/2
   116 | D:1      | Reached XP level 2. HP: 11/14 MP: 1/3
   956 | D:2      | Reached XP level 3. HP: 17/17 MP: 4/4
  1034 | D:2      | Noticed Natasha
  1081 | D:3      | Reached skill level 4 in Shapeshifting
  1081 | D:3      | Reached XP level 4. HP: 20/21 MP: 2/5
  1158 | D:3      | Found a hazy altar of Hepliaklqana.
  1278 | D:3      | Reached XP level 5. HP: 25/25 MP: 4/6
  1503 | D:3      | You fall into a shaft and drop 2 floors!
  1503 | D:5      | Entered Level 5 of the Dungeon
  1510 | D:5      | Found a glowing drain.
  1546 | Sewer    | Entered a sewer
  1596 | Sewer    | Noticed Pargi
  1614 | Sewer    | Killed Pargi
  1615 | Sewer    | Reached skill level 5 in Shapeshifting
  1615 | Sewer    | Reached XP level 6. HP: 24/29 MP: 4/7
  1762 | D:5      | Slain by an ogre

Illustrated notes

Levels and vault maps discovered:
D:1:      eino_arrival_cavern_d, layout_loops_ring, minmay_unequal
D:2:      minmay_razor_zed, layout_loops_ring, uniq_natasha
D:3:      layout_basic, mainiacjoe_overflow_cross_hatched
D:5:      layout_rooms, gammafunk_ghost_stat_death, serial_shops,
          nicolae_shop_just_a_little_nook, gup_sewer_entry_bowl

Skill      XL: |  1  2  3  4  5 |
---------------+----------------+-----
Unarmed Combat | 4 |  4.0
Shapeshifting  | 4 5 |  5.9
Fighting       | |  0.8
Dodging        | |  1.5

Action                     |  1- 3 |  4- 6 || total
---------------------------+-------+-------++-------
  Melee: Unarmed           |    68 |    68 ||   136
         Bite              |    12 |    13 ||    25
         Punch             |     1 |     2 ||     3
  Throw: Dart              |       |     4 ||     4
    Use: Scroll            |       |     8 ||     8
         Potion            |       |     1 ||     1
 Armour: Animal skin       |     5 |       ||     5
         Ring mail         |    30 |    41 ||    71
         Skin              |       |    10 ||    10
  Dodge: Dodged            |    49 |    37 ||    86

Table legend: (Time is in decaauts)
 A = Elapsed time spent in this place.
 B = Non-inter-level travel time spent in this place.
 C = Inter-level travel time spent in this place.
 D = Time resting spent in this place.
 E = Time spent auto-exploring this place.
 F = Levels seen in this place.
 G = Mean time per level.
                   A        B        C        D        E       F      G
               +--------+--------+--------+--------+--------+-----+--------+
         Total |   1771 |   1719 |     52 |     38 |   1221 |   5 |  354.2 |
       Dungeon |   1590 |   1538 |     52 |     38 |   1117 |   4 |  397.5 |
         Sewer |    180 |    180 |      0 |      0 |    103 |   1 |  180.0 |
               +--------+--------+--------+--------+--------+-----+--------+

Top non-repeatable levels by time:
     D:1: 844 daAuts
     D:3: 453 daAuts
     D:2: 197 daAuts
   Sewer: 180 daAuts
     D:5: 94 daAuts
